[Event "Titled Tuesday Blitz December 27 Early 2022"]
[White "Rodriguez Fontecha, Marcos"]
[Black "Bintang, Rasyid A. Hidayat"]
[WhiteFideId "2256576"]
[BlackFideId "7105355"]
[WhiteElo "2309"]
[BlackElo "1820"]
[Result "0-1"]
[Round "02"]
[TimeControl "180+2"]
[Date "2022.12.27"]
[WhiteClock "0:00:04"]
[BlackClock "0:00:08"]

1. Nf3 d5 2. g3 Nc6 3. Bg2 e5 4. d3 f6 5. O-O Be6 6. Nbd2 Qd7 7. Re1 Bh3 8. Bh1 h5 9. e4 dxe4 10. Nxe4 O-O-O 11. Be3 h4 12. Qd2 Nh6 13. Rad1 Nf5 14. Bc5 Bg4 15. c3 hxg3 16. fxg3 Nxg3 17. Bxf8 Nxe4 18. Rxe4 Rdxf8 19. Qg2 Bf5 20. Rh4 e4 21. Rxh8 Rxh8 22. Ne1 exd3 23. Qd5 Qxd5 24. Bxd5 Ne5 25. Kg2 c6 26. Bb3 Be4+ 27. Kg3 c5 28. Rd2 c4 29. Bd1 g5 30. Ng2 f5 31. Rf2 f4+ 32. Nxf4 gxf4+ 33. Kxf4 Rf8+ 34. Ke3 Rxf2 35. Kxf2 Bf5 36. Kg3 Bg4 37. Ba4 d2 38. Kf4 d1=Q 39. Bxd1 Bxd1 40. Kxe5 b5 41. Kd6 Kb7 42. Kc5 Ka6 43. h4 Ka5 44. a3 Ka4 45. Kc6 a5 46. Kc5 Bh5 47. Kb6 Be8 48. Kc5 Kb3 49. h5 Kxb2 50. h6 Bg6 51. Kxb5 Kxc3 52. Kxa5 Kb3 53. Kb5 c3 54. a4 c2 55. a5 c1=Q 56. a6 Bd3+ 57. Kb6 Qxh6+ 0-1


[Site "https://www.chess.com"]

[Event "Titled Tuesday Blitz December 27 Early 2022"]
[White "Rohith Krishna S"]
[Black "Erzhanov, Arman"]
[WhiteFideId "46617051"]
[BlackFideId "4138821"]
[WhiteElo "2385"]
[BlackElo "2228"]
[Result "1-0"]
[Round "02"]
[TimeControl "180+2"]
[Date "2022.12.27"]
[WhiteClock "0:01:58"]
[BlackClock "0:01:01"]

1. Nf3 d6 2. d4 g6 3. e4 Bg7 4. Nc3 Nf6 5. Bc4 O-O 6. Bg5 c6 7. Bb3 Nbd7 8. O-O e5 9. dxe5 dxe5 10. Qd6 h6 11. Bh4 Re8 12. Rad1 Qe7 13. a4 Qxd6 14. Rxd6 g5 15. Bg3 Bf8 16. Rd2 Bb4 17. Rfd1 g4 18. Nh4 Bxc3 19. bxc3 Nc5 20. f3 gxf3 21. gxf3 Bh3 22. Rd6 Kg7 23. Bf2 Ne6 24. Nf5+ Bxf5 25. exf5 Nf4 26. Kh1 Kf8 27. Rxf6 1-0


[Site "https://www.chess.com"]

[Event "Titled Tuesday Blitz December 27 Early 2022"]
[White "Ronka, Erik"]
[Black "Zubritskiy, Artyom"]
[WhiteFideId "505080"]
[BlackFideId "4181247"]
[WhiteElo "2276"]
[BlackElo "2442"]
[Result "0-1"]
[Round "02"]
[TimeControl "180+2"]
[Date "2022.12.27"]
[WhiteClock "0:00:02"]
[BlackClock "0:00:08"]

1. e4 c5 2. Nf3 Nf6 3. Nc3 Nc6 4. d4 d5 5. exd5 Nxd5 6. Nxd5 Qxd5 7. Be3 cxd4 8. Nxd4 Bd7 9. Nb5 Qxd1+ 10. Rxd1 Rc8 11. Nxa7 Nxa7 12. Bxa7 Rxc2 13. Bd4 e5 14. Bc3 Bc5 15. Rd5 b6 16. Rxe5+ Kd8 17. Re2 Re8 18. Kd1 Rexe2 19. Bxe2 Ba4 20. b3 Rxc3 21. bxa4 Bxf2 22. Rf1 Be3 23. Bb5 Ke7 24. Ke2 Bc5 25. Rd1 Ke6 26. h3 Bb4 27. Rd3 Rc2+ 28. Kf3 Bc5 29. g4 Ke5 30. Kg3 g6 31. h4 f5 32. gxf5 gxf5 33. Rf3 Rxa2 34. Bd3 Rxa4 35. Bxf5 h6 36. Bd7 Ra1 37. h5 Bd6 38. Kg2 Ra2+ 39. Rf2 Ra3 40. Re2+ Kf4 41. Bb5 Rg3+ 42. Kh2 Kf3 43. Rb2 Rg2+ 44. Kh3 Rxb2 45. Bc6+ Kf4 46. Bg2 Kg5 47. Bf3 Rh2# 0-1


[Site "https://www.chess.com"]

[Event "Titled Tuesday Blitz December 27 Early 2022"]
[White "Roque Sola, Jose Luis"]
[Black "Rangel, Daniel"]
[WhiteFideId "5120390"]
[BlackFideId "2124475"]
[WhiteElo "2217"]
[BlackElo "2207"]
[Result "0-1"]
[Round "02"]
[TimeControl "180+2"]
[Date "2022.12.27"]
[WhiteClock "0:00:16"]
[BlackClock "0:02:02"]

1. c4 b6 2. Nc3 Bb7 3. Nf3 Nf6 4. d3 d5 5. cxd5 Nxd5 6. e4 Nf6 7. Be2 Nbd7 8. O-O e5 9. Qa4 Bd6 10. Nb5 O-O 11. Nxd6 cxd6 12. Bd2 Nc5 13. Qa3 a5 14. b4 axb4 15. Qxb4 Nfd7 16. a4 Bc6 17. a5 bxa5 18. Rxa5 Rxa5 19. Qxa5 Qxa5 20. Bxa5 Bb5 21. Rd1 Ra8 22. Bb4 Ra4 23. Bxc5 Nxc5 24. Kf1 Kf8 25. Nh4 g6 26. Nf3 Ra2 27. Ne1 Nxe4 28. Rb1 Nd2+ 0-1


[Site "https://www.chess.com"]

[Event "Titled Tuesday Blitz December 27 Early 2022"]
[White "Rosenberg, Evan S"]
[Black "Sanal, Vahap"]
[WhiteFideId "2019299"]
[BlackFideId "6300545"]
[WhiteElo "1956"]
[BlackElo "2600"]
[Result "0-1"]
[Round "02"]
[TimeControl "180+2"]
[Date "2022.12.27"]
[WhiteClock "0:00:03"]
[BlackClock "0:01:32"]

1. d4 d6 2. e4 c5 3. d5 e6 4. Nc3 Nf6 5. Bb5+ Nbd7 6. a4 e5 7. Nf3 Be7 8. O-O a6 9. Be2 O-O 10. Nd2 g6 11. Nc4 b6 12. f4 Ne8 13. fxe5 Nxe5 14. Nxe5 dxe5 15. Bh6 Ng7 16. Qd2 f5 17. exf5 gxf5 18. Bc4 Qd6 19. Rae1 Bd7 20. Bg5 Bxg5 21. Qxg5 a5 22. b3 Rae8 23. h4 h6 24. Qg3 Re7 25. Nb5 Bxb5 26. axb5 Rf6 27. Rf2 Rg6 28. Qh2 f4 29. Kh1 Nf5 30. Bd3 Ng3+ 31. Kg1 e4 32. Bf1 e3 33. Rf3 e2 34. Bxe2 Nxe2+ 35. Kf2 Qxd5 36. Rxe2 Rxe2+ 37. Kxe2 Re6+ 0-1


[Site "https://www.chess.com"]

[Event "Titled Tuesday Blitz December 27 Early 2022"]
[White "Rosh Jain"]
[Black "Poeta, Caio Medeiros"]
[WhiteFideId "25789465"]
[BlackFideId "2142660"]
[WhiteElo "2248"]
[BlackElo "2088"]
[Result "0-1"]
[Round "02"]
[TimeControl "180+2"]
[Date "2022.12.27"]
[WhiteClock "0:00:01"]
[BlackClock "0:00:05"]

1. e4 c6 2. Nc3 d5 3. Nf3 Bg4 4. h3 Bh5 5. exd5 cxd5 6. Bb5+ Nc6 7. g4 Bg6 8. Ne5 Rc8 9. d4 e6 10. Be3 Bd6 11. Nxg6 hxg6 12. Qd2 a6 13. Bxc6+ Rxc6 14. a3 Ne7 15. Bf4 b5 16. Bxd6 Qxd6 17. Na2 Nc8 18. Nb4 Rc7 19. Nd3 Nb6 20. b3 Nd7 21. a4 O-O 22. h4 Rfc8 23. Ra2 Nf6 24. f3 Qg3+ 25. Ke2 Qg2+ 26. Nf2 Rc3 27. Rh3 Nxg4 28. fxg4 Rxh3 29. axb5 axb5 30. Qf4 Rhc3 31. Ra7 Rxc2+ 32. Ke1 Rc1+ 33. Kd2 R8c2+ 34. Ke3 Qxf2+ 35. Qxf2 Rxf2 36. Kxf2 Rc3 37. Ra8+ Kh7 38. g5 Rxb3 39. Rf8 Rh3 40. Rxf7 Rxh4 41. Re7 Rxd4 42. Rxe6 b4 43. Rb6 Kg8 44. Rb5 Kf7 45. Ke3 Rd1 46. Rxb4 Ke6 47. Rb7 Kf5 48. Rxg7 Kxg5 49. Rh7 Kf5 50. Rh2 g5 51. Rg2 g4 52. Rf2+ Kg5 53. Rf8 Ra1 54. Kf2 Ra2+ 55. Kg3 Ra3+ 56. Kg2 d4 57. Rd8 Ra4 58. Kg3 Ra3+ 59. Kg2 Rd3 60. Rf8 Kg6 61. Rf4 Kg5 62. Rf8 g3 63. Rf7 Re3 64. Rd7 d3 65. Rd5+ Kg4 66. Rd4+ Kf5 67. Rd8 Kf4 68. Rf8+ Ke4 69. Re8+ Kd4 70. Rd8+ Kc3 71. Rc8+ Kd2 72. Rd8 Ke2 73. Rc8 d2 74. Rc2 Ke1 75. Rxd2 Kxd2 76. Kg1 Ke2 77. Kh1 g2+ 78. Kg1 Kf3 79. Kh2 Re8 80. Kg1 Rf8 81. Kh2 Rh8+ 82. Kg1 Rh1# 0-1


[Site "https://www.chess.com"]

[Event "Titled Tuesday Blitz December 27 Early 2022"]
[White "Rustemov, Alexander"]
[Black "Tomb, Maroun"]
[WhiteFideId "4119002"]
[BlackFideId "5300398"]
[WhiteElo "2525"]
[BlackElo "2090"]
[Result "1-0"]
[Round "02"]
[TimeControl "180+2"]
[Date "2022.12.27"]
[WhiteClock "0:00:09"]
[BlackClock "0:00:05"]

1. d4 d6 2. e4 Nf6 3. f3 e5 4. Ne2 c6 5. c4 a6 6. Nbc3 b5 7. Be3 Nbd7 8. Ng3 g6 9. Be2 h5 10. O-O Be7 11. Qd2 Bb7 12. d5 bxc4 13. Bxc4 Nb6 14. Bb3 c5 15. Na4 O-O 16. Ne2 a5 17. Nxb6 Qxb6 18. Bc4 Nd7 19. Nc3 f5 20. Bg5 Qd8 21. Bxe7 Qxe7 22. Qh6 Qg7 23. Qxg7+ Kxg7 24. Nb5 Ra6 25. Nc7 Rb6 26. Ne6+ Kf7 27. Nxf8 Kxf8 28. b3 f4 29. h4 Nf6 30. Kf2 Bc8 31. g3 fxg3+ 32. Kxg3 Kg7 33. Rg1 Bd7 34. Kf2 a4 35. Ke3 Be8 36. Rgb1 Rb4 37. a3 Rb8 38. bxa4 Ra8 39. Rb6 Rxa4 40. Be2 g5 41. hxg5 Nh7 42. Rxd6 h4 43. Re6 Bf7 44. Rxe5 Kg6 45. f4 h3 46. Bg4 h2 47. Bf5+ Kg7 48. Rh1 Rxa3+ 49. Kf2 Ra2+ 50. Kg3 Nf8 51. Rxh2 Ra3+ 52. Kg4 Ra1 53. Re7 Rg1+ 54. Kf3 Rf1+ 55. Rf2 Rg1 56. e5 Kg8 57. d6 Bd5+ 58. Ke2 Bc6 59. d7 Bb5+ 60. Kd2 Ba4 61. e6 Rd1+ 62. Ke2 Rd6 63. Re8 Bb5+ 64. Ke3 Kg7 65. Rxf8 Kxf8 66. Rh2 Ke7 67. Rh7+ Kd8 68. Rh8+ Kc7 69. d8=Q+ Rxd8 70. Rxd8 Kxd8 71. Ke4 Bc6+ 72. Ke5 Ke7 73. Bc2 Ba4 74. Bxa4 c4 75. f5 c3 76. f6+ Kf8 77. Bc2 Kg8 78. e7 Kf7 79. Kd6 Ke8 80. Bg6# 1-0


[Site "https://www.chess.com"]

[Event "Titled Tuesday Blitz December 27 Early 2022"]
[White "Sadovsky, Artem"]
[Black "Araujo, Everson De Moura"]
[WhiteFideId "4155840"]
[BlackFideId "22737197"]
[WhiteElo "2276"]
[BlackElo "1944"]
[Result "1-0"]
[Round "02"]
[TimeControl "180+2"]
[Date "2022.12.27"]
[WhiteClock "0:02:19"]
[BlackClock "0:02:03"]

1. Nf3 Nf6 2. e3 d5 3. c4 e6 4. b3 Bd6 5. Bb2 O-O 6. Be2 c5 7. O-O Nc6 8. cxd5 exd5 9. d4 b6 10. dxc5 bxc5 11. Nc3 Be6 12. Rc1 a6 13. Na4 Qe7 14. Bxf6 gxf6 15. Nxc5 Bxc5 16. Qc2 Rac8 17. Qxc5 Qxc5 18. Rxc5 Nd4 19. exd4 1-0


[Site "https://www.chess.com"]

[Event "Titled Tuesday Blitz December 27 Early 2022"]
[White "Sai Krishna G V"]
[Black "Guha, Eshan"]
[WhiteFideId "5028280"]
[BlackFideId "30958628"]
[WhiteElo "2384"]
[BlackElo "2071"]
[Result "1-0"]
[Round "02"]
[TimeControl "180+2"]
[Date "2022.12.27"]
[WhiteClock "0:01:07"]
[BlackClock "0:00:23"]

1. e4 c5 2. Nf3 d6 3. b3 Nf6 4. Qe2 g6 5. Bb2 Bg7 6. g3 O-O 7. Bg2 Nc6 8. O-O Bg4 9. d3 Nd7 10. Bxg7 Kxg7 11. Qe3 Bxf3 12. Bxf3 Nd4 13. Bd1 b5 14. c3 Nc6 15. f4 e5 16. f5 f6 17. g4 g5 18. h4 h6 19. Nd2 Qe7 20. Nf3 b4 21. cxb4 Nxb4 22. Kf2 Rh8 23. Rh1 Nc6 24. Be2 Nd4 25. Rag1 Nxf3 26. Bxf3 Nb8 27. Rh3 Nc6 28. Rgh1 Nd4 29. Bd1 a5 30. Qc1 Qf7 31. Qa3 Qb7 32. R1h2 Qb4 33. Qc1 Qb5 34. Be2 a4 35. hxg5 hxg5 36. Qh1 Rhg8 37. Rh7+ Kf8 38. R2h6 axb3 39. Qh5 1-0


[Site "https://www.chess.com"]

[Event "Titled Tuesday Blitz December 27 Early 2022"]
[White "Salimova, Nurgyul"]
[Black "Manon-og, Ramon Jr."]
[WhiteFideId "2915138"]
[BlackFideId "5200776"]
[WhiteElo "2391"]
[BlackElo "1999"]
[Result "1-0"]
[Round "02"]
[TimeControl "180+2"]
[Date "2022.12.27"]
[WhiteClock "0:02:14"]
[BlackClock "0:01:20"]

1. d4 d5 2. Nf3 e6 3. c4 c5 4. cxd5 exd5 5. g3 Nf6 6. Bg2 Nc6 7. O-O Bd6 8. dxc5 Bxc5 9. a3 O-O 10. b4 Bd6 11. Bb2 Bf5 12. Nc3 d4 13. Nxd4 Nxd4 14. Qxd4 Bc7 15. Nb5 Qxd4 16. Bxd4 a6 17. Nxc7 Rac8 18. Bxf6 gxf6 19. Nd5 Rcd8 20. Ne7+ Kg7 21. Nxf5+ Kg6 22. Nh4+ Kg7 23. Bxb7 Rd6 24. Nf5+ Kg6 25. Nxd6 Rd8 26. Nxf7 Rd7 27. Bxa6 Rxf7 28. Bd3+ Kg7 29. b5 Rb7 30. a4 Rb6 31. a5 Rb8 32. a6 Re8 33. a7 Rd8 34. a8=Q Rxa8 35. Rxa8 h6 36. b6 h5 37. b7 h4 38. b8=Q hxg3 39. hxg3 f5 40. e4 f4 41. gxf4 Kf6 42. e5+ Ke7 43. f5 Kf7 44. e6+ Ke7 45. f6+ Kxe6 46. f7 Ke7 47. f8=Q+ Ke6 48. f4 Kd7 49. f5 Kc6 50. f6 Kd5 51. f7 Kc6 52. Qfe8+ Kc5 53. f8=Q+ Kd5 54. Qee5+ Kc6 55. Qfd6# 1-0


[Site "https://www.chess.com"]

[Event "Titled Tuesday Blitz December 27 Early 2022"]
[White "Samsonkin, Artiom"]
[Black "Legenia, Artem"]
[WhiteFideId "13503111"]
[BlackFideId "14136945"]
[WhiteElo "2420"]
[BlackElo "2092"]
[Result "0-1"]
[Round "02"]
[TimeControl "180+2"]
[Date "2022.12.27"]
[WhiteClock "0:00:02"]
[BlackClock "0:00:59"]

1. d4 d5 2. Bf4 Nf6 3. e3 Bf5 4. c4 e6 5. Qb3 Qc8 6. Nc3 c6 7. Rc1 a6 8. h3 h6 9. g4 Bh7 10. Bg2 Nbd7 11. cxd5 cxd5 12. Nge2 Qd8 13. Qxb7 Be7 14. O-O O-O 15. Bc7 Qc8 16. Qxc8 Rfxc8 17. Bg3 Nb6 18. Rfd1 a5 19. Nb5 a4 20. b3 axb3 21. axb3 Ne4 22. Bc7 Nd7 23. f3 Nef6 24. Nf4 Ne8 25. Ne2 Nxc7 26. Rxc7 Rxc7 27. Nxc7 Rb8 28. Nc1 Ba3 29. Na6 Rb6 30. Nc7 Rc6 31. Nd3 Rxc7 32. Ra1 Bf8 0-1


[Site "https://www.chess.com"]

[Event "Titled Tuesday Blitz December 27 Early 2022"]
[White "Sanchez, Robert"]
[Black "Hardaway, Brewington"]
[WhiteFideId "2034360"]
[BlackFideId "30941849"]
[WhiteElo "1966"]
[BlackElo "2363"]
[Result "0-1"]
[Round "02"]
[TimeControl "180+2"]
[Date "2022.12.27"]
[WhiteClock "0:00:04"]
[BlackClock "0:00:05"]

1. e4 g6 2. d4 Bg7 3. Nc3 d6 4. Be3 Nf6 5. f3 O-O 6. Qd2 c6 7. O-O-O b5 8. Kb1 b4 9. Nce2 a5 10. h4 Nbd7 11. h5 Nb6 12. Ng3 Be6 13. Bh6 Nc4 14. Bxc4 Bxc4 15. Bxg7 Kxg7 16. hxg6 fxg6 17. e5 Ng8 18. Nh3 dxe5 19. Qg5 h6 20. Qxe5+ Kf7 21. Ne4 Qd5 22. Qg3 Bxa2+ 23. Ka1 Bc4 24. Nf4 Qf5 25. Rhe1 a4 26. Nd3 Bxd3 27. Rxd3 b3 28. Qc7 Kg7 29. g4 Qf7 30. Nc5 Rfc8 31. Qe5+ Kh7 32. c3 a3 33. Ne6 axb2+ 34. Kxb2 Rcb8 35. Rh1 Ra2+ 36. Kb1 Qf6 37. Ng5+ Kg7 38. Ne6+ Kf7 39. Qxf6+ Kxf6 40. Nc5 Rg2 41. Re1 Rd8 42. Re6+ Kf7 43. Rde3 Rd6 44. R6e5 b2 45. Ne4 Rf6 46. f4 Rxf4 47. Nc5 Rf1+ 48. Ka2 b1=Q+ 0-1


[Site "https://www.chess.com"]

[Event "Titled Tuesday Blitz December 27 Early 2022"]
[White "Santos Flores, Alberto"]
[Black "Makarian, Rudik"]
[WhiteFideId "3601234"]
[BlackFideId "44105681"]
[WhiteElo "2164"]
[BlackElo "2545"]
[Result "0-1"]
[Round "02"]
[TimeControl "180+2"]
[Date "2022.12.27"]
[WhiteClock "0:00:10"]
[BlackClock "0:00:20"]

1. e4 c5 2. Nf3 e6 3. g3 Nc6 4. Bg2 Nf6 5. Qe2 d5 6. exd5 Nxd5 7. O-O Be7 8. Rd1 Qb6 9. Nc3 O-O 10. Nxd5 exd5 11. c3 Bf6 12. d4 cxd4 13. Nxd4 Nxd4 14. cxd4 Bxd4 15. Bxd5 Bf5 16. Be3 Bxe3 17. Qxe3 Qxe3 18. fxe3 Rab8 19. Rac1 Rfc8 20. Rxc8+ Rxc8 21. Bxb7 Rb8 22. Bd5 Rxb2 23. Bb3 Kf8 24. Rc1 Rb1 25. Rxb1 Bxb1 26. Kf2 Ke7 27. Kf3 f6 28. h4 Kd6 29. Kf4 Kc5 30. Bg8 Kb4 31. g4 h6 32. g5 hxg5+ 33. hxg5 Ka3 34. gxf6 gxf6 35. e4 a5 36. Kf5 a4 37. Kxf6 Bxe4 38. Be6 Kb2 39. Ke5 Bb1 40. Kd4 a3 41. Bd5 Bxa2 42. Be4 Bb1 43. Bd5 Bc2 44. Ke3 Bb3 0-1


[Site "https://www.chess.com"]

[Event "Titled Tuesday Blitz December 27 Early 2022"]
[White "Sargissyan, Sargis"]
[Black "Rahman, Adel"]
[WhiteFideId "13303210"]
[BlackFideId "14204177"]
[WhiteElo "2234"]
[BlackElo "2273"]
[Result "1/2-1/2"]
[Round "02"]
[TimeControl "180+2"]
[Date "2022.12.27"]
[WhiteClock "0:00:14"]
[BlackClock "0:00:35"]

1. e4 e5 2. Nf3 Nf6 3. d4 Nxe4 4. Bd3 d5 5. Nxe5 Nd7 6. Nxd7 Bxd7 7. O-O Bd6 8. Nc3 Nxc3 9. bxc3 O-O 10. Qh5 f5 11. Re1 Qf6 12. Bg5 Qf7 13. Qf3 Rfe8 14. Bf4 Re6 15. Bxd6 Rxd6 16. Re5 g6 17. Rae1 Re8 18. h4 Rxe5 19. Rxe5 Bc6 20. Qe2 Kf8 21. h5 Bd7 22. Qf3 c6 23. Qf4 Qf6 24. Qh6+ Kg8 25. hxg6 hxg6 26. Re3 Re6 27. Rg3 Be8 28. Kf1 Qe7 29. f3 Re1+ 30. Kf2 Ra1 31. Rxg6+ Bxg6 32. Qxg6+ Kf8 33. Qxf5+ Ke8 34. Qc8+ Kf7 35. Qf5+ Kg7 36. Qg6+ Kf8 37. Qf5+ Ke8 38. Qc8+ Kf7 39. Qf5+ Kg8 40. Qg6+ Kf8 41. Qf5+ 1/2-1/2


[Site "https://www.chess.com"]

[Event "Titled Tuesday Blitz December 27 Early 2022"]
[White "Savic, Miroslav"]
[Black "Sharifov, Mekhriddin"]
[WhiteFideId "14508494"]
[BlackFideId "14701545"]
[WhiteElo "2167"]
[BlackElo "2209"]
[Result "0-1"]
[Round "02"]
[TimeControl "180+2"]
[Date "2022.12.27"]
[WhiteClock "0:00:04"]
[BlackClock "0:00:21"]

1. Nf3 Nf6 2. c4 c6 3. Nc3 d5 4. d4 dxc4 5. a4 Bf5 6. e3 e6 7. Bxc4 Bb4 8. O-O Nbd7 9. Qe2 Bg4 10. h3 Bxf3 11. Qxf3 O-O 12. Rd1 Qa5 13. e4 e5 14. d5 Nc5 15. Bg5 Ncd7 16. dxc6 bxc6 17. Rd3 Bxc3 18. bxc3 Qc5 19. Ba2 h6 20. Be3 Qa5 21. Rd6 Qxc3 22. Rad1 Qa3 23. Bb1 Rab8 24. Bxa7 Qxf3 25. gxf3 Rb7 26. Be3 Ra8 27. Bc2 Rb2 28. Rxc6 Kh7 29. Rcd6 Rxc2 30. Rxd7 Nxd7 31. Rxd7 f6 32. Kg2 Rxa4 33. h4 Ra3 34. Kg3 h5 35. Rb7 Ra1 36. Kg2 Ra3 37. Kg3 Rd3 38. Rf7 Kg6 39. Ra7 Rd1 40. Kg2 Re1 41. Kg3 Rg1+ 42. Kh2 Rf1 43. Kg2 Rb1 44. Kg3 Re2 45. Kg2 Ree1 46. Rc7 Rg1+ 47. Kh2 Rh1+ 48. Kg3 Rbg1# 0-1


[Site "https://www.chess.com"]

[Event "Titled Tuesday Blitz December 27 Early 2022"]
[White "Shipov, Sergei"]
[Black "Danielyan, Vahe"]
[WhiteFideId "4113624"]
[BlackFideId "13304828"]
[WhiteElo "2541"]
[BlackElo "2346"]
[Result "1-0"]
[Round "02"]
[TimeControl "180+2"]
[Date "2022.12.27"]
[WhiteClock "0:01:37"]
[BlackClock "0:01:23"]

1. d4 Nf6 2. c4 g6 3. Nc3 Bg7 4. e4 d6 5. Be2 O-O 6. Nf3 e5 7. Be3 Qe8 8. dxe5 Ng4 9. Bg5 Nxe5 10. O-O Be6 11. Nd5 f6 12. Nxc7 Qf7 13. Nxe6 Qxe6 14. Bf4 Kh8 15. Qd5 Qe7 16. Rad1 Nbc6 17. Qxd6 Qf7 18. Qd5 Qe7 19. Be3 Rfd8 20. Qc5 Qe6 21. Nd4 Nxd4 22. Rxd4 Rdc8 23. Qd5 Qe8 24. Qxb7 Rab8 25. Qxa7 Rxb2 26. Re1 Ra8 27. Qc7 h5 28. h3 Kh7 29. f4 Nc6 30. Rd7 Ra7 31. Rxg7+ Kh8 32. Bxa7 1-0


[Site "https://www.chess.com"]

[Event "Titled Tuesday Blitz December 27 Early 2022"]
[White "Silva, Miguel Antonio Neto"]
[Black "Mikhailovsky, Vladimir"]
[WhiteFideId "1911929"]
[BlackFideId "34105414"]
[WhiteElo "2204"]
[BlackElo "2215"]
[Result "0-1"]
[Round "02"]
[TimeControl "180+2"]
[Date "2022.12.27"]
[WhiteClock "0:00:44"]
[BlackClock "0:00:38"]

1. Nf3 d6 2. d4 Nf6 3. e3 Nbd7 4. b3 e5 5. Bb2 e4 6. Nfd2 d5 7. c4 c6 8. Nc3 Bd6 9. Be2 O-O 10. Qc1 a6 11. Ba3 Qe7 12. Bxd6 Qxd6 13. Qb2 Re8 14. a4 Nf8 15. a5 Ng6 16. Qa3 Qd8 17. O-O-O dxc4 18. Nxc4 Be6 19. Nb6 Rb8 20. h3 Ne7 21. Bc4 Nc8 22. Nca4 Nxb6 23. Nxb6 Nd7 24. Nxd7 Qxd7 25. Bxe6 Rxe6 26. Rd2 b6 27. Rc2 bxa5 28. Kb2 Rb5 29. Rhc1 h6 30. Rc5 Rf6 31. R1c2 Qb7 32. Rxb5 Qxb5 33. Qf8+ Kxf8 0-1


[Site "https://www.chess.com"]

[Event "Titled Tuesday Blitz December 27 Early 2022"]
[White "Skvortsov, Andrei"]
[Black "Akylbekov, Nasyr"]
[WhiteFideId "24108600"]
[BlackFideId "13800353"]
[WhiteElo "2313"]
[BlackElo "2239"]
[Result "0-1"]
[Round "02"]
[TimeControl "180+2"]
[Date "2022.12.27"]
[WhiteClock "0:01:41"]
[BlackClock "0:01:43"]

1. e3 e5 2. d4 exd4 3. exd4 d5 4. Nf3 Bd6 5. c4 c6 6. Nc3 Nf6 7. c5 Bc7 8. Qe2+ Be6 9. Ng5 Qd7 10. Nxe6 Qxe6 11. Bg5 Nbd7 12. O-O-O O-O 13. h3 b6 14. cxb6 axb6 15. Qxe6 fxe6 16. Bd3 Nh5 17. Be3 e5 18. g4 Nf4 19. Bf1 exd4 20. Bxd4 c5 21. Be3 d4 22. Nb5 dxe3 23. Nxc7 e2 24. Bxe2 Nxe2+ 25. Kd2 Rac8 26. Ne6 Rfe8 27. Ng5 Nd4 28. Rhe1 h6 29. Rxe8+ Rxe8 0-1


[Site "https://www.chess.com"]

[Event "Titled Tuesday Blitz December 27 Early 2022"]
[White "Slade, Theodore"]
[Black "Weetik, Vjacheslav"]
[WhiteFideId "426547"]
[BlackFideId "4153472"]
[WhiteElo "1995"]
[BlackElo "2423"]
[Result "1-0"]
[Round "02"]
[TimeControl "180+2"]
[Date "2022.12.27"]
[WhiteClock "0:00:08"]
[BlackClock "0:00:02"]

1. d4 Nf6 2. c4 g6 3. Nc3 Bg7 4. e4 d6 5. Nf3 O-O 6. Be2 e5 7. Be3 Ng4 8. Bg5 f6 9. Bc1 Nc6 10. O-O f5 11. dxe5 dxe5 12. exf5 Bxf5 13. Qd5+ Kh8 14. Bg5 Qe8 15. Rae1 h6 16. Bh4 g5 17. Bg3 e4 18. Nd2 Rd8 19. Qb5 Rxd2 20. Bxg4 Bxg4 21. Rxe4 Qc8 22. h4 Nd4 23. Qc5 b6 24. Qe7 Nf5 25. Qxc7 Nxg3 26. Qxg3 Bf5 27. Re7 g4 28. Rc7 Qe6 29. Nd5 Rxb2 30. Re7 Qg6 31. Rxa7 Bd3 32. Nf4 Rxf4 33. Qxf4 Bxf1 34. h5 Qb1 35. Kh2 Qh7 36. Ra8+ Qg8 37. Rxg8+ Kxg8 38. Qxg4 Bd3 39. Qc8+ Kh7 40. Qd7 Bb1 41. a4 Re2 42. Qg4 Re5 43. g3 Bf5 44. Qd4 Rc5 45. Qf4 1-0


[Site "https://www.chess.com"]

[Event "Titled Tuesday Blitz December 27 Early 2022"]
[White "Sourath Biswas"]
[Black "Firouzja, Alireza"]
[WhiteFideId "35091484"]
[BlackFideId "12573981"]
[WhiteElo "2281"]
[BlackElo "2785"]
[Result "0-1"]
[Round "02"]
[TimeControl "180+2"]
[Date "2022.12.27"]
[WhiteClock "0:00:16"]
[BlackClock "0:02:19"]

1. d4 Nf6 2. Bf4 g6 3. Nc3 d5 4. e3 Bg7 5. h4 h6 6. Nf3 Bg4 7. Be2 Bxf3 8. Bxf3 c6 9. Qd3 Nbd7 10. O-O-O e6 11. g4 h5 12. g5 Ng8 13. e4 Ne7 14. Bd6 Nb6 15. Bc5 O-O 16. e5 Re8 17. Bg2 Nd7 18. Bd6 Rc8 19. Na4 Nf5 20. Ba3 Qa5 21. Qb3 Bf8 22. Bxf8 Rxf8 23. Bh3 b5 24. Nc3 Ne7 25. f4 b4 26. Ne2 c5 27. f5 exf5 28. Nf4 c4 29. Qf3 Qxa2 30. Kd2 c3+ 31. bxc3 Rxc3 32. Nd3 Qxc2+ 33. Ke3 Nb6 34. Rd2 Nc4+ 0-1


[Site "https://www.chess.com"]

[Event "Titled Tuesday Blitz December 27 Early 2022"]
[White "Sovetov, Oleksandr"]
[Black "Perez Ponsa, Federico"]
[WhiteFideId "34105786"]
[BlackFideId "117927"]
[WhiteElo "1976"]
[BlackElo "2532"]
[Result "0-1"]
[Round "02"]
[TimeControl "180+2"]
[Date "2022.12.27"]
[WhiteClock "0:00:50"]
[BlackClock "0:01:57"]

1. Nf3 Nf6 2. c4 g6 3. Nc3 Bg7 4. e4 d6 5. d4 O-O 6. Be2 e5 7. d5 a5 8. Nd2 Na6 9. h4 Nc5 10. h5 h6 11. Qc2 Nh7 12. Nf1 Ng5 13. Ne3 Bd7 14. hxg6 fxg6 15. Bg4 Be8 16. f3 h5 17. Bh3 Bh6 18. Bd2 Nxh3 19. Rxh3 Bd7 20. Rh1 Bf4 21. O-O-O Qg5 22. g3 Bxe3 23. f4 Bxd2+ 24. Qxd2 exf4 25. Rdg1 Bg4 26. Kb1 Rae8 27. gxf4 Qxf4 28. Qc2 Nxe4 29. Ne2 Qf2 0-1


[Site "https://www.chess.com"]

[Event "Titled Tuesday Blitz December 27 Early 2022"]
[White "Srebrnic, Marko"]
[Black "Tinmaz, Kerem"]
[WhiteFideId "14603616"]
[BlackFideId "44559151"]
[WhiteElo "2366"]
[BlackElo "2177"]
[Result "1-0"]
[Round "02"]
[TimeControl "180+2"]
[Date "2022.12.27"]
[WhiteClock "0:01:25"]
[BlackClock "0:01:23"]

1. e4 c5 2. Nf3 e6 3. d4 cxd4 4. Nxd4 a6 5. g3 Qc7 6. Bg2 Nc6 7. O-O Nf6 8. Re1 Nxd4 9. Qxd4 Bc5 10. Qd1 d6 11. Nc3 b5 12. Bg5 Bb7 13. Bxf6 gxf6 14. Qh5 Bd4 15. Rad1 Bxc3 16. bxc3 Qxc3 17. e5 Bxg2 18. exd6 Bf3 19. Rxe6+ Kf8 20. Qh6+ Kg8 21. d7 1-0


[Site "https://www.chess.com"]

[Event "Titled Tuesday Blitz December 27 Early 2022"]
[White "Sreyas Payyappat"]
[Black "Osiecki, Stanislaw"]
[WhiteFideId "46674969"]
[BlackFideId "1102990"]
[WhiteElo "2076"]
[BlackElo "2055"]
[Result "1/2-1/2"]
[Round "02"]
[TimeControl "180+2"]
[Date "2022.12.27"]
[WhiteClock "0:00:12"]
[BlackClock "0:00:23"]

1. e4 e6 2. d4 d5 3. Nc3 Bb4 4. e5 c5 5. a3 Bxc3+ 6. bxc3 Qc7 7. Qg4 f5 8. exf6 Nxf6 9. Qf4 Qxf4 10. Bxf4 cxd4 11. cxd4 O-O 12. Bd3 Nc6 13. Ne2 e5 14. dxe5 Ng4 15. O-O Ngxe5 16. Rad1 Nxd3 17. Rxd3 Bg4 18. f3 Bf5 19. Rxd5 Bxc2 20. Kf2 Rad8 21. Rxd8 Rxd8 22. Rc1 Bd3 23. Rd1 Bxe2 24. Rxd8+ Nxd8 25. Kxe2 Kf7 26. Kd3 Ke6 27. Ke4 Nc6 28. g4 b5 29. Be3 a5 30. h4 b4 31. axb4 axb4 32. Bc1 Ne5 33. Bb2 Nc4 34. Bxg7 b3 35. f4 b2 36. f5+ Kf7 37. Bxb2 Nxb2 38. g5 Nc4 39. h5 Nd6+ 40. Ke5 Nc4+ 41. Kd5 Ne3+ 42. Ke4 Nc4 43. Kd4 Nd6 44. Ke5 Nc4+ 45. Kd5 Ne3+ 46. Ke4 Nc4 47. f6 h6 48. Kf5 Nd6+ 49. Ke5 Nc4+ 50. Kf4 Nd6 51. Ke5 Nc4+ 52. Kf5 Nd6+ 53. Kf4 hxg5+ 54. Kxg5 Ne4+ 55. Kf5 Nxf6 56. h6 Nh7 57. Kg4 Nf8 58. Kf3 Nh7 59. Ke2 Kg6 60. Kd3 Kxh6 1/2-1/2


[Site "https://www.chess.com"]